 Dungeon Crawl Stone Soup version 0.23-a0-316-g6773f7a52e (webtiles) character file.

632 Napalmbreeze the Digger (level 7, -1/42 HPs)
             Began as a Gargoyle Earth Elementalist on Oct 14, 2018.
             Killed from afar by an orc wizard (7 damage)
             ... with a magic dart
             ... on level 4 of the Dungeon.
             The game lasted 00:12:16 (3871 turns).

Napalmbreeze the Digger (GrEE)                      Turns: 3871, Time: 00:12:17

Health: -1/42      AC:  6    Str: 11    XL:     7   Next: 49%
Magic:  11/13      EV: 12    Int: 18    God:
Gold:   161        SH:  0    Dex: 10    Spells: 10/14 levels left

rFire    . . .     SeeInvis .   g - +0 dagger (protect)
rCold    . . .     Gourm    .   (no shield)
rNeg     + . .     Faith    .   c - +0 robe
rPois    ∞         Spirit   .   (no helmet)
rElec    +         Reflect  .   (no cloak)
rCorr    .         Harm     .   (no gloves)
MR       .....                  (no boots)
Stlth    ++........             (no amulet)
HPRegen  0.14/turn              (no ring)
MPRegen  0.13/turn              (no ring)

@: hasted, very quick
A: negative energy resistance 1, electricity resistance, unbreathing,
petrification resistance, rot immunity, AC +4
a: no special abilities


You were on level 4 of the Dungeon.
You were hungry.

You visited 1 branch of the dungeon, and saw 4 of its levels.

You collected 161 gold pieces.

Inventory:

Hand Weapons
 a - a +0 short sword
 g - a +0 dagger of protection (weapon)
Missiles
 b - 62 stones (quivered)
Armour
 c - a +0 robe (worn)
Jewellery
 i - an uncursed ring of protection from magic {unknown}
 r - an uncursed amulet of magic regeneration {unknown}
Scrolls
 e - 6 scrolls of identify {unknown}
 f - a scroll of magic mapping {unknown}
 h - a scroll of random uselessness {unknown}
 k - a scroll of immolation {unknown}
 m - 2 scrolls of amnesia {unknown}
 p - a scroll of fear {unknown}
 s - a scroll of remove curse {unknown}
Potions
 j - 2 potions of flight
 l - 2 potions of heal wounds {unknown}
 n - a potion of might {unknown}
 o - a potion of haste
 q - a potion of curing
Comestibles
 d - 4 rations


   Skills:
 + Level 3.9 Fighting
 - Level 1.5 Dodging
 - Level 2.1 Stealth
 + Level 4.0 Spellcasting
 + Level 1.0 Conjurations
   Level 0.7 Transmutations
 * Level 7.5 Earth Magic


You had 10 spell levels left.
You knew the following spells:

 Your Spells              Type           Power        Failure   Level  Hunger
a - Sandblast             Erth           ####..       1%          1    None
s - Stone Arrow           Conj/Erth      ###...       8%          3    ###....

Your spell library contained the following spells:

 Spells                   Type           Power        Failure   Level  Hunger
 Passwall                 Tmut/Erth      ###.....     4%          2    ##.....
 Lee's Rapid Deconstruct  Erth           ####......   19%         5    ######.
 Petrify                  Tmut/Erth      ###.....     26%         4    ####...


Dungeon Overview and Level Annotations

Branches:
Dungeon (4/15)
 Temple: D:4-7

Altars:
Okawaru


Innate Abilities, Weirdness & Mutations

You are resistant to torment.
Your stone body is resilient. (AC +4)
You are immune to poison.
You resist negative energy. (rN+)
You are resistant to electric shocks. (rElec)
You can survive without breathing.
You are immune to petrification.
You are immune to rotting.


Message History

Press: ? - help, Shift-Dir - straight line, f - orc wizard
Aim: an orc wizard, wielding a dagger and wearing a robe (fast)
The stone arrow misses the orc wizard.
The orc wizard barely misses you. x2
An orc opens the door.
The orc wizard gestures wildly while chanting.
The orc wizard blinks!
It was a potion of haste.
You feel yourself speed up.
The orc priest mumbles some strange prayers to Beogh against you.
You struggle to resist.
The orc wizard casts a spell at you. The magic dart hits you!
* * * LOW HITPOINT WARNING * * *
Unknown command.
It was a potion of curing.
You feel better.
Okay, then.
The orc wizard gestures at you while chanting.
The magic dart hits you!
The orc wizard points at you and mumbles some strange words.
The magic dart hits you!
You die...

#.....# #.....#....... #.....#
+.....'o...... #.....#
#..o..#..##... #.....########
#.o..##..##...
#............##+#....#...o....
#...............o....#......o.
#....................#........
#....................#....^...
#............@.......#........
#............##+#....#...##...
######.......# +....#...##...
#.>..#.......# #....#........
#....#.......# #....#........
##'###.......# #....#...##...
#.....######## #....#'####...
#.....#.....# #....#...#....
#.....'.....# #....#...#....


You could see an orc priest, an orc wizard and an orc.

Vanquished Creatures
  Sigmund (D:2)
  4 scorpions (D:4)
  A crimson imp (D:2)
  A bullfrog zombie (D:4)
  3 worker ants (D:4)
  4 gnolls (D:2)
  4 adders
  An ooze (D:4)
  3 dart slugs
  2 worms (D:2)
  3 leopard geckos (D:1)
  2 orcs (D:3)
  3 giant cockroaches
  5 goblins
  5 hobgoblins
  8 kobolds
  6 bats
  A frilled lizard (D:2)
  7 rats
64 creatures vanquished.

Notes
Turn   | Place    | Note
-------+----------+-------------------------------------------
     0 | D:1      | Napalmbreeze the Gargoyle Earth Elementalist began the
                  | quest for the Orb.
     0 | D:1      | Reached XP level 1. HP: 10/10 MP: 3/3
   224 | D:1      | Reached XP level 2. HP: 16/16 MP: 1/5
   239 | D:1      | Reached skill level 4 in Earth Magic
   531 | D:1      | Reached skill level 1 in Fighting
   720 | D:1      | Reached XP level 3. HP: 20/20 MP: 6/6
   726 | D:1      | Learned a level 3 spell: Stone Arrow
  1065 | D:2      | Reached skill level 5 in Earth Magic
  1065 | D:2      | Reached XP level 4. HP: 26/26 MP: 0/8
  1148 | D:2      | Found a faded altar of an unknown god.
  1441 | D:2      | Reached XP level 5. HP: 24/30 MP: 3/9
  1552 | D:2      | Noticed Sigmund
  1776 | D:2      | Killed Sigmund
  1776 | D:2      | Reached skill level 6 in Earth Magic
  1776 | D:2      | Reached XP level 6. HP: 14/37 MP: 3/11
  3163 | D:4      | Reached skill level 7 in Earth Magic
  3163 | D:4      | Reached XP level 7. HP: 27/41 MP: 8/12
  3669 | D:4      | Found an iron altar of Okawaru.
  3760 | D:4      | Reached skill level 1 in Conjurations
  3863 | D:4      | HP: 1/42 [orc wizard/magic dart (5)]
  3871 | D:4      | Killed from afar by an orc wizard

Vault maps used:
D:1:      dpeg_arrival_rhombus
D:2:      chequers_ecumenical_altar_lobes, first_ration, uniq_sigmund
D:4:      old_standard_altar

Skill      XL: |  1  2  3  4  5  6  7 |
---------------+----------------------+-----
Earth Magic    | 4 5 6 7 |  7.5
Fighting       | 1 2 3 |  3.9
Spellcasting   | 3 4 |  4.0
Conjurations   | 1 |  1.0
Dodging        | |  1.5
Stealth        | |  2.1
Transmutations | |  0.7

Action                   |  1- 3 |  4- 6 |  7- 9 || total
-------------------------+-------+-------+-------++-------
Melee: Short sword       |     5 |       |       ||     5
       Dagger            |   102 |   156 |    31 ||   289
 Cast: Sandblast         |    14 |    32 |     7 ||    53
       Stone Arrow       |       |     1 |     7 ||     8
  Use: Potion            |       |     2 |     2 ||     4
 Stab: Sleeping          |     9 |     2 |     1 ||    12
  Eat: Chunk             |     1 |     7 |     2 ||    10
Armor: Robe              |    72 |    64 |    13 ||   149
Dodge: Dodged            |    94 |   105 |    21 ||   220

Table legend:
 A = Non-vault XP
 B = Vault XP
 C = Vault XP percentage of total XP
 D = Non-vault monster count
 E = Vault monster count
 F = Vault count percentage of total count
                 A         B        C        D         E       F
            +---------+---------+-------+---------+---------+-------
      Total |     676 |     227 |  25.1 |      63 |       1 |   1.6
            +---------+---------+-------+---------+---------+-------
        D:1 |      48 |       0 |   0.0 |      24 |       0 |   0.0
        D:2 |     167 |     227 |  57.6 |      22 |       1 |   4.3
        D:3 |      25 |       0 |   0.0 |       7 |       0 |   0.0
        D:4 |     436 |       0 |   0.0 |      10 |       0 |   0.0
            +---------+---------+-------+---------+---------+-------
